 Dungeon Crawl Stone Soup version 0.22.1-6-g1668fe2 (webtiles) character file.

4746 Tiagovsky the Arsonist (level 10, 0/60 HPs)
             Began as a Deep Elf Fire Elementalist on Jan 21, 2019.
             Was a Follower of Ashenzari.
             Slain by a vampire (12 damage)
             ... on level 9 of the Dungeon.
             The game lasted 00:59:17 (12704 turns).

Tiagovsky the Arsonist (DEFE)                      Turns: 12704, Time: 00:59:17

Health: 0/60       AC: 14    Str:  9    XL:     10   Next: 22%
Magic:  23/30      EV: 16    Int: 28    God:    Ashenzari [*.....]
Gold:   469        SH:  0    Dex: 15    Spells: 5/21 levels left

rFire    + . .     SeeInvis .   i - +3 quarterstaff (protect) (curse)
rCold    . . .     Gourm    .   (shield currently unavailable)
rNeg     + . .     Faith    .   q - +2 robe {rN+}
rPois    .         Spirit   .   (helmet restricted)
rElec    .         Reflect  .   (no cloak)
rCorr    .         Harm     .   E - -1 pair of gloves "Bacem" {Str+3 Int+5} (curse)
MR       +....                  n - +0 pair of boots
Stlth    ++........             (no amulet)
HPRegen  0.20/turn              o - +2 ring of protection
MPRegen  0.22/turn              j - ring of magical power

@: protection aura
A: antennae 1, fire resistance 1
a: Curse Item, Scrying, Renounce Religion


You were on level 9 of the Dungeon.
You worshipped Ashenzari.
Ashenzari was aware of your devotion.
You were not hungry.

You visited 2 branches of the dungeon, and saw 10 of its levels.
You also visited: Ossuary.

You collected 469 gold pieces.

Inventory:

Hand Weapons
 h - a +0 short sword
 i - a cursed +3 quarterstaff of protection (weapon)
Missiles
 b - 4 throwing nets
 e - 210 stones
 u - 61 sling bullets
 H - 2 tomahawks (quivered)
Armour
 n - a +0 pair of boots (worn)
 q - a +2 robe of positive energy (worn)
 E - the cursed -1 pair of gloves "Bacem" (worn) {Str+3 Int+5}
   (You found it on level 5 of the Dungeon)

   It affects your strength (+3).
   It affects your intelligence (+5).
   It has a curse placed upon it.
Jewellery
 a - an uncursed ring of protection from cold
 j - a ring of magical power (right hand)
 o - a +2 ring of protection (left hand)
 p - a +3 ring of strength
 G - a +3 ring of intelligence
Wands
 w - a wand of paralysis (16)
Scrolls
 d - 6 scrolls of immolation
 m - 2 scrolls of blinking
 v - a scroll of teleportation
 I - a scroll of remove curse
Potions
 k - a potion of mutation
 r - 3 potions of curing
 s - a potion of flight {unknown}
 t - 2 potions of brilliance
 x - a potion of haste {unknown}
 z - 2 potions of magic
 A - a potion of might {unknown}
 B - 4 potions of lignification {unknown}
 C - a potion of invisibility {unknown}
 D - a potion of resistance {unknown}
Comestibles
 c - a ration


   Skills:
 + Level 6.2 Fighting
 + Level 7.2 Staves
 + Level 6.5 Dodging
 - Level 2.4 Stealth
 - Level 6.0 Spellcasting
 - Level 4.0 Conjurations
 - Level 4.0 Translocations
 - Level 8.0 Fire Magic


You had 5 spell levels left.
You knew the following spells:

 Your Spells              Type           Power        Failure   Level  Hunger
a - Flame Tongue          Conj/Fire      #####        1%          1    None
b - Throw Flame           Conj/Fire      #####.       1%          2    None
c - Conjure Flame         Conj/Fire      #####...     1%          3    None
d - Fireball              Conj/Fire      #####.....   14%         5    #####..
e - Gell's Gravitas       Tloc           ####......   3%          3    None
f - Searing Ray           Conj           ####..       1%          2    None

Your spell library contained the following spells:

 Spells                   Type           Power        Failure   Level  Hunger
 Apportation              Tloc           ####..       1%          1    None
 Magic Dart               Conj           ####         1%          1    None
 Inner Flame              Hex/Fire       ####....     3%          3    None
 Sticky Flame             Conj/Fire      #####...     4%          4    ###....
 Animate Skeleton         Necr           N/A          6%          1    None
 Confusing Touch          Hex            #.....       6%          1    None
 Pain                     Necr           #...         6%          1    None
 Summon Small Mammal      Summ           #...         6%          1    None
 Dazzling Spray           Conj/Hex       ###...       8%          3    None
 Force Lance              Conj/Tloc      ####....     12%         4    ###....
 Iskenderun's Mystic Bla  Conj           ####....     12%         4    ###....
 Confuse                  Hex            #.......     19%         3    None
 Regeneration             Chrm/Necr      #.........   19%         3    None
 Vampiric Draining        Necr           #.........   19%         3    None
 Fulminant Prism          Conj/Hex       ###.......   26%         4    ###....
 Animate Dead             Necr           N/A          52%         4    ###....
 Petrify                  Tmut/Erth      #.......     52%         4    ###....
 Metabolic Englaciation   Hex/Ice        #.........   86%         5    #####..
 Yara's Violent Unravell  Hex/Tmut       #.........   86%         5    #####..


Dungeon Overview and Level Annotations

Branches:
Dungeon (9/15)             Temple (1/1) D:4
   Lair: D:8-11         Orc: D:9-12

Altars:
Ashenzari
Cheibriados
Dithmenos
Elyvilon
Fedhas
Gozag
Hepliaklqana
Kikubaaqudgha
Makhleb
Nemelex Xobeh
Okawaru
Qazlal
Ru
Sif Muna
Trog
Uskayaw
Vehumet
Wu Jian
Xom
Yredelemnul
Zin
The Shining One

Annotations:
D:7 2 transporters, JustSomeDude's ghost, novice DsAs


Innate Abilities, Weirdness & Mutations

You have a pair of small antennae on your head.
Your flesh is heat resistant. (rF+)


Message History

Confirm with . or Enter, or press ? or * to list all spells.
Aiming: Flame Tongue (safe; 1% risk of failure)
Press: ? - help, Shift-Dir - straight line, f/p - vampire
Aim: a vampire (moderately damaged)
The flame tongue hits the vampire.
The vampire appears unharmed.
The vampire is moderately damaged.
The vampire hits you but does no damage.
The vampire misses you.
You barely miss the vampire.
The vampire is moderately damaged.
The vampire hits you.
* * * LOW HITPOINT WARNING * * *
The vampire bites you but does no damage.
Okay, then.
Evoke which item? (* to show all) (? for menu, Esc to quit)
Aiming: Paralyse
Press: ? - help, Shift-Dir - straight line, f/p - vampire
Aim: a vampire (moderately damaged, chance to defeat MR: 28%)
The vampire easily resists.
The vampire hits you!
You die...

#........ #....... ..
#..........# #.....
#..........# #.....
#..........+ +.....
#.....##...# #.....
##...?.##...# #.....
#/....V.....# #....
#......@....## #....
#............# #..<.
+....###.....# #....
#....###.....# #....
.###..###.##..+ #....
.......#......#######..##
.......#...............#.
......._...............#.
.......#...............'.


You could see a vampire.

Vanquished Creatures
  Grinder (D:5)
  Sigmund (D:2)
  An ice beast (D:6)
  A sky beast (D:8)
  2 phantoms
  An orc warrior (D:6)
  9 ogres
  2 centaurs (D:8)
  2 big kobolds
  5 bullfrogs
  A wyvern skeleton (D:8)
  9 scorpions
  3 killer bees (D:8)
  4 wights (D:7)
  3 centaur zombies
  3 howler monkeys
  2 crimson imps
  A human zombie (Ossuary)
  2 bullfrog zombies
  6 hounds
  A jelly (D:7)
  4 orc priests
  8 orc wizards
  A centaur skeleton (D:4)
  A gnoll shaman (D:4)
  3 iguanas
  6 worker ants
  A big kobold zombie (Ossuary)
  2 hound skeletons
  2 mummies (Ossuary)
  3 worker ant zombies
  16 gnolls
  4 adders
  3 scorpion zombies (Ossuary)
  4 shadow imps
  2 oozes
  3 adder zombies
  An adder skeleton (D:5)
  5 worms
  3 dart slugs
  10 leopard geckos
  33 orcs
  11 giant cockroaches
  6 goblins
  12 hobgoblins
  10 jackals
  3 quokkas
  2 ball pythons (D:1)
  10 bats
  2 frilled lizards
  A giant cockroach zombie (D:6)
  A gnoll zombie (Ossuary)
  A goblin zombie (Ossuary)
  5 hobgoblin zombies (Ossuary)
  16 kobolds
  3 kobold zombies (Ossuary)
  2 orc zombies (Ossuary)
  A quokka zombie (D:7)
  6 rats
267 creatures vanquished.

Vanquished Creatures (others)
  A hungry ghost (D:8)
  An orc warrior (D:8)
  A scorpion (Ossuary)
  An orc wizard (D:8)
  A mummy (Ossuary)
  A quokka (D:8)
  A goblin zombie (Ossuary)
7 creatures vanquished.

Grand Total: 274 creatures vanquished

Notes
Turn   | Place    | Note
-------+----------+-------------------------------------------
     0 | D:1      | Tiagovsky the Deep Elf Fire Elementalist began the quest
                  | for the Orb.
     0 | D:1      | Reached XP level 1. HP: 10/10 MP: 6/6
   107 | D:1      | Reached XP level 2. HP: 13/16 MP: 6/8
   452 | D:1      | Reached XP level 3. HP: 20/20 MP: 7/10
   518 | D:1      | Reached skill level 1 in Fighting
   763 | D:1      | Learned a level 2 spell: Throw Flame
   767 | D:1      | Learned a level 3 spell: Conjure Flame
  1808 | D:2      | Noticed Sigmund
  1937 | D:2      | Killed Sigmund
  1937 | D:2      | Reached skill level 1 in Staves
  1937 | D:2      | Reached skill level 4 in Fire Magic
  1937 | D:2      | Reached XP level 4. HP: 11/26 MP: 1/12
  1937 | D:2      | Reached XP level 5. HP: 13/30 MP: 1/13
  2661 | D:2      | Learned a level 5 spell: Fireball
  2726 | D:3      | Reached XP level 6. HP: 28/35 MP: 1/15
  2866 | D:3      | Found a glowing silver altar of Zin.
  2868 | D:3      | Found a sacrificial altar of Ru.
  2873 | D:3      | Found a glowing golden altar of the Shining One.
  2873 | D:3      | Found an ancient bone altar of Kikubaaqudgha.
  3323 | D:3      | Reached skill level 5 in Spellcasting
  4243 | D:4      | Found a sand-covered staircase.
  4249 | Ossuary  | Entered an ossuary
  4405 | Ossuary  | Reached skill level 5 in Fire Magic
  4405 | Ossuary  | Reached XP level 7. HP: 39/40 MP: 5/17
  5211 | Ossuary  | Reached XP level 8. HP: 21/46 MP: 10/19
  5840 | D:4      | Found a hide-covered altar of Uskayaw.
  5843 | D:4      | Noticed a dagger
  5844 | D:4      | Noticed a dagger
  5857 | D:4      | Reached skill level 6 in Fire Magic
  6490 | D:4      | Reached skill level 5 in Staves
  6490 | D:4      | Reached skill level 7 in Fire Magic
  6511 | D:4      | Learned a level 3 spell: Gell's Gravitas
  6621 | D:4      | Reached skill level 1 in Translocations
  7204 | D:4      | Found a snail-covered altar of Cheibriados.
  7213 | D:4      | Reached XP level 9. HP: 52/52 MP: 3/20
  7377 | D:4      | Found a staircase to the Ecumenical Temple.
  7389 | Temple   | Entered the Ecumenical Temple
  7528 | Temple   | Became a worshipper of Ashenzari the Shackled
  7640 | D:5      | Entered Level 5 of the Dungeon
  7986 | D:5      | Noticed Grinder
  7999 | D:5      | Killed Grinder
  7999 | D:5      | Reached skill level 5 in Fighting
  8132 | D:5      | Learned a level 2 spell: Searing Ray
  8691 | D:5      | Got the uncursed pair of gloves "Bacem" {Str+3 Int+5}
  8697 | D:5      | Identified the -1 pair of gloves "Bacem" {Str+3 Int+5} (You
                  | found it on level 5 of the Dungeon)
  9795 | D:6      | Reached skill level 8 in Fire Magic
 10312 | D:7      | Reached skill level 5 in Dodging
 10527 | D:7      | Found a sparkling altar of Nemelex Xobeh.
 10581 | D:7      | Found a transporter.
 10590 | D:7      | Noticed JustSomeDude's ghost (novice DsAs)
 10596 | D:7      | Found a transporter.
 11056 | D:7      | Reached XP level 10. HP: 44/60 MP: 21/21
 12575 | D:8      | Gained mutation: You are weak. (Str -2) [potion of
                  | mutation]
 12575 | D:8      | Gained mutation: Armour fits poorly on your strangely
                  | shaped body. [potion of mutation]
 12575 | D:8      | Gained mutation: You are somewhat resistant to further
                  | mutation. [potion of mutation]
 12576 | D:8      | Lost mutation: Armour fits poorly on your strangely shaped
                  | body. [potion of mutation]
 12576 | D:8      | Lost mutation: You are weak. (Str -2) [potion of mutation]
 12576 | D:8      | Lost mutation: You are somewhat resistant to further
                  | mutation. [potion of mutation]
 12576 | D:8      | Gained mutation: Your mind is acute. (Int +2) [potion of
                  | mutation]
 12576 | D:8      | Lost mutation: Your mind is acute. (Int +2) [potion of
                  | mutation]
 12576 | D:8      | Gained mutation: You have a pair of small antennae on your
                  | head. [potion of mutation]
 12576 | D:8      | Gained mutation: Your flesh is heat resistant. (rF+)
                  | [potion of mutation]
 12665 | D:9      | Found a shattered altar of Ashenzari.
 12672 | D:9      | Reached * piety under Ashenzari
 12704 | D:9      | Slain by a vampire

Skill      XL: |  1  2  3  4  5  6  7  8  9 10 |
---------------+-------------------------------+-----
Fighting       | 1 2 3 4 5 6 |  6.2
Conjurations   | 2 3 4 |  4.0
Staves         | 1 2 3 5 6 7 |  7.2
Spellcasting   | 4 5 6 |  6.0
Fire Magic     | 4 5 7 8 |  8.0
Dodging        | 3 5 6 |  6.5
Translocations | 1 4 |  4.0
Stealth        | |  2.4

Action                   |  1- 3 |  4- 6 |  7- 9 | 10-12 || total
-------------------------+-------+-------+-------+-------++-------
Melee: Short sword       |     8 |       |       |       ||     8
       Quarterstaff      |       |    19 |    12 |    22 ||    53
 Cast: Flame Tongue      |    68 |   112 |   350 |    82 ||   612
       Throw Flame       |       |    26 |    90 |    22 ||   138
       Searing Ray       |       |       |     1 |     1 ||     2
       Conjure Flame     |       |       |       |     1 ||     1
Invok: Curse Item        |       |       |       |     2 ||     2
Evoke: Wand              |       |       |       |     1 ||     1
  Use: Scroll            |     3 |     3 |     7 |     7 ||    20
       Potion            |       |       |       |     3 ||     3
  Eat: Chunk             |     3 |     7 |     7 |     5 ||    22
       Ration            |       |       |     4 |       ||     4
Armor: Leather armour    |     3 |       |       |       ||     3
       Robe              |     2 |    18 |    44 |    20 ||    84
Dodge: Dodged            |    23 |    51 |   134 |    64 ||   272
